 Dungeon Crawl Stone Soup version 0.29-a0-222-g5b244fca1f (webtiles) character file.

Game seed: 5818649611986474270

225 Hasart the Bolt Thrower (level 5, -2/42 HPs)
             Began as a Demigod Hunter on Feb 27, 2022.
             Slain by Terence
             ... wielding a +2 falchion of holy wrath
              (6 damage)
             ... on level 3 of the Dungeon.
             The game lasted 00:05:15 (3544 turns).

Hasart the Bolt Thrower (Demigod Hunter)            Turns: 3544, Time: 00:05:16

Health: -2/42      AC:  3    Str: 13    XL:     5   Next: 40%
Magic:  7/7        EV: 12    Int: 13    God:
Gold:   101        SH:  0    Dex: 18    Spells: 4/4 levels left

rFire   . . .      SeeInvis +   a - +1 hand crossbow
rCold   . . .      Faith    .   (no shield)
rNeg    . . .      Spirit   .   b - +0 leather armour
rPois   .          Reflect  .   (no helmet)
rElec   .          Harm     .   (no cloak)
rCorr   .          Rampage  .   (no gloves)
Will    .....                   (no boots)
Stlth   ++........              (no amulet)
HPRegen 0.14/turn               d - ring of see invisible
MPRegen 0.10/turn               (no ring)

@: no status effects
A: high MP 1, forlorn, divine attributes
a: no special abilities


You were on level 3 of the Dungeon.
You visited 1 branch of the dungeon, and saw 3 of its levels.

You collected 101 gold pieces.

Inventory:

Hand Weapons
 a - a +1 hand crossbow (weapon)
Armour
 b - a +0 leather armour (worn)
Jewellery
 d - a ring of see invisible (left hand)
Scrolls
 e - 6 scrolls of identify {unknown}
 f - a scroll of magic mapping {unknown}
 h - 2 scrolls of fear {unknown}
 i - 2 scrolls of teleportation {unknown}
 j - a scroll of enchant weapon {unknown}
 l - a scroll of noise {unknown}
 m - a scroll of blinking {unknown}
Potions
 c - a potion of berserk rage {unknown}
 g - 4 potions of haste {unknown}
 k - a potion of curing {unknown}
 n - 2 potions of lignification {unknown}


   Skills:
 + Level 2.7 Fighting
 * Level 4.9 Crossbows
 + Level 2.9 Dodging
 + Level 2.4 Stealth


You had 4 spell levels left.
You didn't know any spells.
Your spell library contained the following spells:

 Spells                   Type           Power      Damage    Failure   Level
 Beastly Appendage        Tmut           0%         N/A       36%         1
 Sublimation of Blood     Necr           0%         N/A       52%         2
 Wereblood                Tmut           0%         N/A       52%         2
 Spider Form              Tmut/Pois      0%         N/A       75%         3
 Summon Hydra             Summ           0%         N/A       100%        7


Dungeon Overview and Level Annotations

Branches:
Dungeon (3/15)

Annotations:
D:2 1 runed translucent door, Crazy Yiuf
D:3 Terence


Innate Abilities, Weirdness & Mutations

You have an increased reservoir of magic. (+10% MP)
You shall have no god before yourself.
Your divine heritage dramatically boosts your attributes as you level up.


Message History

Terence is moderately wounded.
Terence hits you with a +2 falchion of holy wrath.
Unknown command.
Shoot: a) +1 hand crossbow
Press: ? - help, Q - select action Shift-Dir - straight line, f/p - Terence
Aim: Terence, wielding a +2 falchion of holy wrath and wearing a +0 chain mail of cold resistance (moderately wounded, 72% to hit)
You shoot a bolt.
The bolt hits Terence but does no damage.
Terence is moderately wounded.
Terence barely misses you. Terence hits you but does no damage.
Shoot: a) +1 hand crossbow
Press: ? - help, Q - select action Shift-Dir - straight line, f/p - Terence
Aim: Terence, wielding a +2 falchion of holy wrath and wearing a +0 chain mail of cold resistance (moderately wounded, 72% to hit)
You shoot a bolt.
The bolt hits Terence but does no damage.
Terence is moderately wounded.
Terence hits you with a +2 falchion of holy wrath.
* * * LOW HITPOINT WARNING * * *
Shoot: a) +1 hand crossbow
Press: ? - help, Q - select action Shift-Dir - straight line, f/p - Terence
Aim: Terence, wielding a +2 falchion of holy wrath and wearing a +0 chain mail of cold resistance (moderately wounded, 72% to hit)
You shoot a bolt. The bolt hits Terence.
Terence is heavily wounded.
Terence misses you.
Shoot: a) +1 hand crossbow
Press: ? - help, Q - select action Shift-Dir - straight line, f/p - Terence
Aim: Terence, wielding a +2 falchion of holy wrath and wearing a +0 chain mail of cold resistance (heavily wounded, 72% to hit)
You shoot a bolt. The bolt hits Terence.
Terence is severely wounded.
Terence hits you with a +2 falchion of holy wrath!
* * * LOW HITPOINT WARNING * * *
Unknown command.
Shoot: a) +1 hand crossbow
Press: ? - help, Q - select action Shift-Dir - straight line, f/p - Terence
Aim: Terence, wielding a +2 falchion of holy wrath and wearing a +0 chain mail of cold resistance (severely wounded, 72% to hit)
You shoot a bolt.
The bolt hits Terence but does no damage.
Terence is severely wounded.
Terence hits you with a +2 falchion of holy wrath.
You die...

#. #......#........#.### #.
###.#...##.#.####.....# #<
#.<.@......#.# #.###.##### #.
#.#.##.##..#.# #.# #.....#
#.###.#.##.##..#.# #>###.###.#
........##[##..#.# ##.....###[#
#.###.####.......###..........#
#.# #.# #......@.......###.#.#
#.# #.# #.#....@###.####
#.#.### #.# #.# #.#.###[# #.#
#..)... #.# #.# #.#.# #.###.#
###.### #.# #.# #.#.#
#.....########.# ..# #.#
#.#.....####..(l.....# #####.#
#.#.##### #.#######.#
......####.#.# #.# #.#
.........#.#.# #.# #.#
########.#.#.########.## #.#


You could see Terence.

Vanquished Creatures
  Ijyb (D:3)
  Natasha (twice) (D:3)
  Robin (D:2)
  4 adders
  2 dart slugs
  2 orcs
  7 bats
  6 endoplasms
  3 giant cockroaches
  12 goblins
  7 hobgoblins
  8 jackals (D:1)
  3 quokkas
  8 ball pythons
  9 frilled lizards
  5 kobolds
  23 rats
103 creatures vanquished.

Vanquished Creatures (others)
  4 toadstools (D:1)
4 creatures vanquished.

Grand Total: 107 creatures vanquished

Notes
Turn   | Place    | Note
-------+----------+-------------------------------------------
     0 | D:1      | Hasart the Demigod Hunter began the quest for the Orb.
     0 | D:1      | Reached XP level 1. HP: 17/17 MP: 3/3
    22 | D:1      | Reached skill level 1 in Stealth
    42 | D:1      | Reached XP level 2. HP: 10/24 MP: 4/4
   387 | D:1      | Reached skill level 4 in Crossbows
   825 | D:1      | Reached XP level 3. HP: 29/29 MP: 5/5
  1554 | D:2      | Reached XP level 4. HP: 32/36 MP: 6/6
  1616 | D:2      | Noticed Robin
  1623 | D:2      | Killed Robin
  2107 | D:2      | Found a runed translucent door.
  2108 | D:2      | Noticed Crazy Yiuf
  2387 | D:3      | Noticed Natasha
  2488 | D:3      | Killed Natasha
  2807 | D:3      | Noticed Natasha
  2813 | D:3      | Killed Natasha
  2814 | D:3      | Reached XP level 5. HP: 42/42 MP: 7/7
  2958 | D:3      | Noticed Ijyb
  2960 | D:3      | Noticed Terence
  2966 | D:3      | Killed Ijyb
  3544 | D:3      | Slain by Terence

Illustrated notes

Levels and vault maps discovered:
D:1:      ldierk_walled_garden_2, layout_loops_ring, roderic_roman_lattice,
          roderic_serpentine_path
D:2:      layout_loops_ring, chequers_ecumenical_altar_simple, minmay_rat_hole,
          uniq_robin, uniq_crazy_yiuf_cottage
D:3:      layout_loops_ring, uniq_natasha, uniq_terence, uniq_ijyb

Skill      XL: |  1  2  3  4 |
---------------+-------------+-----
Stealth        | 1 2 |  2.4
Dodging        | 2 |  2.9
Fighting       | 2 |  2.7
Crossbows      | 4 |  4.9

Action                   |  1- 3 |  4- 6 || total
-------------------------+-------+-------++-------
 Fire: Hand crossbow     |   149 |   118 ||   267
Armor: Leather armour    |    22 |    13 ||    35
Dodge: Dodged            |    38 |    37 ||    75

Table legend: (Time is in decaauts)
 A = Elapsed time spent in this place.
 B = Non-inter-level travel time spent in this place.
 C = Inter-level travel time spent in this place.
 D = Time resting spent in this place.
 E = Time spent auto-exploring this place.
 F = Levels seen in this place.
 G = Mean time per level.
                   A        B        C        D        E       F      G
               +--------+--------+--------+--------+--------+-----+--------+
         Total |   3633 |   3441 |    192 |    700 |   2154 |   3 | 1211.0 |
       Dungeon |   3633 |   3441 |    192 |    700 |   2154 |   3 | 1211.0 |
               +--------+--------+--------+--------+--------+-----+--------+

Top non-repeatable levels by time:
     D:2: 1629 daAuts
     D:1: 1333 daAuts
     D:3: 670 daAuts
